 Dungeon Crawl Stone Soup version 0.26.1-2-gb8aa6d0cf2 (webtiles) character file.

Game seed: 10820435487840689777

201 McKennaii the Conjurer (level 5, 0/28 HPs)
             Began as a Deep Elf Conjurer on Feb 14, 2021.
             Killed by divine providence
             ... invoked by an orc priest
              (13 damage)
             ... on level 4 of the Dungeon.
             The game lasted 00:02:53 (2605 turns).

McKennaii the Conjurer (Deep Elf Conjurer)          Turns: 2605, Time: 00:02:54

Health: 0/28       AC:  7    Str:  4    XL:     5   Next: 50%
Magic:  10/14      EV: 13    Int: 24    God:
Gold:   137        SH:  0    Dex: 13    Spells: 12/13 levels left

rFire    . . .     SeeInvis .   (no weapon)
rCold    . . .     Faith    .   (no shield)
rNeg     . . .     Spirit   .   a - +0 robe
rPois    .         Reflect  .   (no helmet)
rElec    .         Harm     .   (no cloak)
rCorr    .         Rampage  .   (no gloves)
Will     .....                  l - +0 pair of boots
Stlth    ++........             (no amulet)
HPRegen  0.09/turn              o - +4 ring of protection
MPRegen  0.14/turn              (no ring)

@: no status effects
A: no striking features
a: no special abilities


You were on level 4 of the Dungeon.
You visited 1 branch of the dungeon, and saw 4 of its levels.

You collected 137 gold pieces.

Inventory:

Armour
 a - a +0 robe (worn)
 l - a +0 pair of boots (worn)
Jewellery
 o - a +4 ring of protection (left hand)
Scrolls
 e - 2 scrolls of identify
Potions
 b - a potion of curing
 c - a potion of might {unknown}
 i - a potion of attraction {unknown}
 j - a potion of flight {unknown}
 m - a potion of lignification {unknown}
 n - a potion of brilliance {unknown}


   Skills:
 + Level 2.8 Dodging
 + Level 2.7 Stealth
 * Level 4.8 Spellcasting
 * Level 6.5 Conjurations


You had 12 spell levels left.
You knew the following spells:

 Your Spells              Type           Power        Failure   Level
a - Magic Dart            Conj           100%         1%          1

Your spell library contained the following spells:

 Spells                   Type           Power        Failure   Level
 Searing Ray              Conj           74%          1%          2
 Dazzling Flash           Conj/Hex       42%          7%          3
 Fulminant Prism          Conj/Hex       10%          24%         4
 Iskenderun's Mystic Bla  Conj/Tloc      21%          24%         4


Dungeon Overview and Level Annotations

Branches:
Dungeon (4/15)
 Temple: D:4-7

Altars:
Dithmenos
Elyvilon
Kikubaaqudgha
Zin


Message History

You feel blessed for a moment.
It was a scroll of remove curse.
The jackal bites you. The adder bites you.
* * * LOW HITPOINT WARNING * * *
You are lethally poisoned!
The adder poisons you!
The jackal bites you but does no damage.
The jackal bites you.
* * * LOW HITPOINT WARNING * * *
The adder barely misses you.
The orc wizard casts a spell at itself.
The orc wizard flickers and vanishes!
Deactivating autopickup; reactivate with Ctrl-A.
You feel better. The jackal closely misses you. The jackal bites you.
The adder closely misses you. The jackal bites you.
You can't go down here!
The jackal misses you. The adder completely misses you.
The jackal completely misses you.
The orc priest mumbles some strange prayers to Beogh against you.
Beogh smites you!
You die...

,***,,,,,,,,,,***,*,* **
*****,,,,,,* *,,,* *****
*,,,,,,* **,,* *,≈≈*
*,,,,,,* *,,*
********,,,,,,* *,,*
,,,,,,,,,,,,,,* *,,#
,,,,***,,****** *,.#
,,*** **,** ###..####*
,,,,****,,** #@h......*
,,,,,**8,,8** #Sh{.....*
***,**_,,,,_* #o.......*
***,,***,,*****#o.......*
,,,,,**,,,,_*,,.........*
********,,***,,.........*
,** *,,,,**,*.........*
,,** **,,***,..........*
,,,* *,,,,_*,,,,**,**,,*


You could see an orc priest, an adder, an orc and 2 jackals.

Vanquished Creatures
  An orc priest (D:3)
  Natasha (twice) (D:3)
  Robin (D:2)
  4 adders
  An ooze (D:1)
  A dart slug (D:2)
  A leopard gecko (D:1)
  8 orcs (D:3)
  5 bats
  2 giant cockroaches (D:1)
  14 goblins
  7 hobgoblins
  3 jackals
  4 kobolds
  2 quokkas (D:3)
  4 rats
60 creatures vanquished.

Vanquished Creatures (others)
  2 withered plants (D:2)
2 creatures vanquished.

Grand Total: 62 creatures vanquished

Notes
Turn   | Place    | Note
-------+----------+-------------------------------------------
     0 | D:1      | McKennaii the Deep Elf Conjurer began the quest for the
                  | Orb.
     0 | D:1      | Reached XP level 1. HP: 10/10 MP: 6/6
   258 | D:1      | Reached XP level 2. HP: 15/15 MP: 1/8
   426 | D:1      | Reached skill level 5 in Conjurations
   671 | D:1      | Reached XP level 3. HP: 19/19 MP: 2/9
  1205 | D:2      | Found an ancient bone altar of Kikubaaqudgha.
  1369 | D:2      | Found a shadowy altar of Dithmenos.
  1397 | D:2      | Found a glowing silver altar of Zin.
  1473 | D:2      | Noticed Robin
  1480 | D:2      | Killed Robin
  1534 | D:2      | Reached XP level 4. HP: 24/24 MP: 8/11
  1705 | D:2      | You fall into a shaft and drop 1 floor!
  1915 | D:3      | Reached skill level 6 in Conjurations
  1923 | D:3      | Reached XP level 5. HP: 18/28 MP: 1/13
  2330 | D:3      | Noticed Natasha
  2333 | D:3      | Killed Natasha
  2390 | D:3      | Found a white marble altar of Elyvilon.
  2392 | D:3      | Noticed Natasha
  2403 | D:3      | Killed Natasha
  2605 | D:4      | Killed from afar by an orc priest

Illustrated notes

Levels and vault maps discovered:
D:1:      enne_arrival_octagon_isle, layout_basic
D:2:      layout_basic, kiku_gazebo_garden_becter, grunt_dithmenos_smoke,
          nicolae_overflow_crystal_walls, serial_curves, eino_curves_03,
          eino_curves_01, uniq_robin
D:3:      layout_loops_ring, general_overflow_altar, minmay_misc_feat_cross,
          minmay_misc_feat_hallway, uniq_natasha
D:4:      layout_rooms, minitemple, serial_shops, shop,
          gammafunk_ghost_abyssal_escape, serial_aquarium,
          aquarium_bridge_straight [aquarium_subvault_bridge,
          aquarium_subvault_wall, aquarium_subvault_bridge,
          aquarium_subvault_wall], aquarium_window_fake, aquarium_window_double,
          aquarium_window_corner, aquarium_window_1, aquarium_view_2a,
          aquarium_view_2c, aquarium_balcony_double_3, xom_confusion_cloud

Skill      XL: |  1  2  3  4 |
---------------+-------------+-----
Conjurations   | 5 6 |  6.5
Spellcasting   | 4 |  4.8
Dodging        | |  2.8
Stealth        | |  2.7

Action                   |  1- 3 |  4- 6 || total
-------------------------+-------+-------++-------
Melee: Unarmed           |     1 |       ||     1
 Cast: Magic Dart        |    62 |    62 ||   124
  Use: Scroll            |       |     6 ||     6
       Potion            |       |     1 ||     1
Armor: Robe              |       |    12 ||    12
Dodge: Dodged            |     8 |    28 ||    36
